[Event "Titled Tuesday Blitz February 28 Late 2023"]
[White "Filgueira, Hernan"]
[Black "Chemin, Justo Reinaldo"]
[WhiteFideId "101770"]
[BlackFideId "2101580"]
[WhiteElo "2363"]
[BlackElo "1940"]
[Result "1-0"]
[Round "08"]
[TimeControl "180+2"]
[Date "2023.02.28"]
[WhiteClock "0:00:34"]
[BlackClock "0:00:04"]

1. c4 e6 2. Nc3 d5 3. d4 c6 4. e3 Nf6 5. Nf3 Nbd7 6. Bd3 Bd6 7. O-O Qe7 8. e4 dxc4 9. Bxc4 e5 10. d5 O-O 11. dxc6 bxc6 12. h3 Nc5 13. Qe2 Be6 14. Bxe6 Nxe6 15. Qc4 Rac8 16. Be3 Nh5 17. g3 Kh8 18. Rad1 Bb8 19. Rd2 f5 20. exf5 Rxf5 21. Qg4 Rcf8 22. Nh4 g6 23. Nxf5 Rxf5 24. Rfd1 Nf6 25. Qc4 e4 26. Nxe4 Nd5 27. Qxc6 Nxe3 28. fxe3 Rf8 29. Rd7 Qb4 30. Qc3+ Qxc3 31. bxc3 h6 32. Rf1 Rc8 33. Rff7 Rc4 34. Rh7+ Kg8 35. Nf6+ Kf8 36. Rdf7# 1-0


[Site "https://www.chess.com"]

[Event "Titled Tuesday Blitz February 28 Late 2023"]
[White "Dudzinski, Pawel"]
[Black "Estrada Nieto, Julian"]
[WhiteFideId "1117890"]
[BlackFideId "5101018"]
[WhiteElo "2099"]
[BlackElo "2176"]
[Result "1-0"]
[Round "08"]
[TimeControl "180+2"]
[Date "2023.02.28"]
[WhiteClock "0:00:11"]
[BlackClock "0:00:09"]

1. e4 e5 2. Nf3 Nc6 3. d4 exd4 4. Nxd4 Nf6 5. Nxc6 bxc6 6. e5 Qe7 7. Qe2 Nd5 8. c4 Nb6 9. Nd2 Qe6 10. Qe4 g6 11. Bd3 Bg7 12. O-O Ba6 13. Re1 O-O 14. b3 d5 15. cxd5 cxd5 16. Qe2 Bxd3 17. Qxd3 f6 18. Ba3 Rf7 19. exf6 Qxf6 20. Nf3 Qc3 21. Rad1 a5 22. Qxc3 Bxc3 23. Re3 Bg7 24. Bc5 a4 25. Bxb6 cxb6 26. Rxd5 axb3 27. axb3 Ra1+ 28. Re1 Rxe1+ 29. Nxe1 Ra7 30. Kf1 Ra1 31. Ke2 Ra2+ 32. Kf3 Rb2 33. Rb5 Bd4 34. Nd3 Rb1 35. Ke4 Bc3 36. Rxb6 Rf1 37. b4 Rb1 38. b5 Ba5 39. Rb7 Rb3 40. g4 h6 41. h4 Kf8 42. h5 gxh5 43. gxh5 Ke8 44. f4 Kd8 45. f5 Kc8 46. Rh7 Rxb5 47. Rxh6 Bc3 48. Rh7 Ra5 49. h6 Ra4+ 50. Kf3 Rd4 51. Nf4 Bd2 52. Ne6 Rd3+ 53. Ke4 Re3+ 54. Kd5 Rf3 55. Ke4 Re3+ 56. Kd4 Rf3 57. Rc7+ Kb8 58. Rf7 Bc3+ 59. Ke4 Rf1 60. h7 Kc8 61. h8=Q+ Bxh8 62. Rf8+ Kd7 63. Rxh8 Re1+ 64. Kd5 Rf1 65. Ke5 Re1+ 66. Kf6 Rg1 67. Rh7+ Kd6 68. Rg7 Rf1 69. Rg8 Rf2 70. Rd8+ Kc6 71. Rd1 Rf3 72. Kg6 Rg3+ 73. Kf7 Rf3 74. Nd4+ Kd5 75. Nxf3+ Ke4 76. Nh4 1-0


[Site "https://www.chess.com"]

[Event "Titled Tuesday Blitz February 28 Late 2023"]
[White "Haszon, David"]
[Black "Lucassen, Mickey"]
[WhiteFideId "733610"]
[BlackFideId "12919110"]
[WhiteElo "2210"]
[BlackElo "2357"]
[Result "1-0"]
[Round "08"]
[TimeControl "180+2"]
[Date "2023.02.28"]
[WhiteClock "0:01:16"]
[BlackClock "0:00:08"]

1. d4 Nf6 2. Bf4 g6 3. Nc3 d5 4. Qd2 c5 5. e3 Nc6 6. Nb5 e5 7. dxe5 Nh5 8. Qxd5 Nxf4 9. exf4 Qa5+ 10. Qd2 Qb6 11. O-O-O Be6 12. Nc3 Bh6 13. g3 O-O 14. h4 Rfd8 15. Qe1 Rxd1+ 16. Qxd1 Rd8 17. Qf3 Nd4 18. Qe3 Qc6 19. f3 Nf5 20. Qf2 Qc7 21. Nh3 Qxe5 22. Ng5 Bxg5 23. hxg5 Qe3+ 24. Qxe3 Nxe3 25. Bd3 Bf5 26. Be4 b6 27. Re1 Ng2 28. Re2 Bxe4 29. fxe4 1-0


[Site "https://www.chess.com"]

[Event "Titled Tuesday Blitz February 28 Late 2023"]
[White "Pino Perez, Lazaro"]
[Black "Zampronha, Wladimir Camilo"]
[WhiteFideId "3517055"]
[BlackFideId "2103087"]
[WhiteElo "2170"]
[BlackElo "2176"]
[Result "1-0"]
[Round "08"]
[TimeControl "180+2"]
[Date "2023.02.28"]
[WhiteClock "0:00:11"]
[BlackClock "0:00:07"]

1. d4 Nf6 2. Bf4 e6 3. e3 c5 4. Nf3 d5 5. c3 Nc6 6. Nbd2 Bd6 7. Bg3 O-O 8. Bd3 Qe7 9. Ne5 Nd7 10. Ndf3 Ndxe5 11. dxe5 Bc7 12. O-O b6 13. e4 Bb7 14. exd5 exd5 15. Re1 Rfe8 16. Bc2 Nd8 17. Qd3 g6 18. Ba4 Rf8 19. Bh4 Qe6 20. Qd2 Nc6 21. Qh6 Bd8 22. Bxd8 Rfxd8 23. Bxc6 Bxc6 24. Ng5 Qf5 25. Qxh7+ Kf8 26. e6 Be8 27. exf7 Bxf7 28. Qh8+ Bg8 29. Qh6# 1-0


[Site "https://www.chess.com"]

[Event "Titled Tuesday Blitz February 28 Late 2023"]
[White "Sarkar, Justin"]
[Black "Awoki, Daniel Teidi"]
[WhiteFideId "2010011"]
[BlackFideId "2100827"]
[WhiteElo "2189"]
[BlackElo "2083"]
[Result "1-0"]
[Round "08"]
[TimeControl "180+2"]
[Date "2023.02.28"]
[WhiteClock "0:00:02"]
[BlackClock "0:00:02"]

1. e4 c5 2. Nf3 e6 3. d4 cxd4 4. Nxd4 Nc6 5. Nb5 d6 6. c4 a6 7. N5a3 Nf6 8. Nc3 Be7 9. Be2 O-O 10. O-O Qc7 11. Be3 Nb8 12. g4 b6 13. g5 Nfd7 14. Rc1 Bb7 15. f4 Rd8 16. Bf3 Nf8 17. h4 Nbd7 18. Qe2 Rac8 19. h5 Qb8 20. Nc2 Qa8 21. Nd4 Nc5 22. Bd2 Re8 23. b4 Ncd7 24. a3 Qb8 25. Kg2 Qa8 26. Rh1 Nb8 27. Kf2 Nc6 28. Nb3 Qa7 29. Be3 Nb8 30. Rcg1 Nbd7 31. Nd4 Qb8 32. g6 fxg6 33. hxg6 h6 34. f5 Ne5 35. fxe6 Rxc4 36. Nd5 Bxd5 37. exd5 Nxf3 38. Qxc4 Nxg1 39. Rxg1 Bf6 40. Nc6 Rc8 41. Qxa6 Qc7 42. Qxb6 Qxb6 43. Bxb6 Kh8 44. b5 Kg8 45. a4 Bh4+ 46. Kf3 Bf6 47. a5 Kh8 48. a6 Kg8 49. a7 Kh8 50. Nb8 Rc3+ 51. Ke4 Be5 52. Na6 Rc4+ 53. Kd3 Rc8 54. Nc7 Nxe6 55. dxe6 Rxc7 56. a8=Q+ Rc8 57. Qxc8# 1-0


[Site "https://www.chess.com"]

[Event "Titled Tuesday Blitz February 28 Late 2023"]
[White "Figorito, Nick"]
[Black "Tsyhanchuk, Stanislav"]
[WhiteFideId "30923689"]
[BlackFideId "13505130"]
[WhiteElo "2368"]
[BlackElo "2173"]
[Result "1-0"]
[Round "08"]
[TimeControl "180+2"]
[Date "2023.02.28"]
[WhiteClock "0:00:29"]
[BlackClock "0:00:14"]

1. Nf3 d5 2. g3 c5 3. Bg2 Nc6 4. d4 cxd4 5. Nxd4 e6 6. O-O g6 7. c4 Bg7 8. Be3 Nge7 9. Nc3 O-O 10. cxd5 exd5 11. Rc1 Be6 12. Qd2 Rc8 13. Ncb5 a6 14. Nxc6 bxc6 15. Nd4 Qd6 16. Bf4 Qd7 17. Bh6 Bxh6 18. Qxh6 Nf5 19. Nxf5 Bxf5 20. e3 Rfe8 21. Qf4 Qb7 22. b3 Be4 23. Bxe4 Rxe4 24. Qf6 Re6 25. Qd4 h5 26. h4 Qe7 27. Rc2 g5 28. hxg5 Qxg5 29. Rfc1 Re4 30. Qd1 h4 31. Rxc6 Rxc6 32. Rxc6 hxg3 33. Rc8+ Kh7 34. Qf3 gxf2+ 35. Kxf2 Re7 36. Qh3+ Kg7 37. Qh8+ Kg6 38. Rg8+ Kf5 39. Rxg5+ Kxg5 40. Qd8 1-0


[Site "https://www.chess.com"]

[Event "Titled Tuesday Blitz February 28 Late 2023"]
[White "Fernandez Garcia, Gumersindo"]
[Black "Torres Dominguez, David"]
[WhiteFideId "24516740"]
[BlackFideId "2220857"]
[WhiteElo "2093"]
[BlackElo "1999"]
[Result "0-1"]
[Round "08"]
[TimeControl "180+2"]
[Date "2023.02.28"]
[WhiteClock "0:00:37"]
[BlackClock "0:00:25"]

1. e4 e5 2. Nf3 Nc6 3. d4 exd4 4. Bc4 Bc5 5. c3 Nf6 6. cxd4 Bb4+ 7. Bd2 Bxd2+ 8. Nbxd2 d5 9. exd5 Nxd5 10. O-O O-O 11. Re1 Nb6 12. Re4 Nxc4 13. Nxc4 Bf5 14. Rh4 Be6 15. Ne3 Ne7 16. Qc2 Ng6 17. Rh5 c6 18. Rd1 Qf6 19. Ng5 h6 20. Nxe6 fxe6 21. Rh3 Rad8 22. Rg3 Nf4 23. Ng4 Qh4 24. Qe4 e5 25. Nxe5 Nh3+ 26. Rxh3 Qxe4 27. Nf3 Qe2 28. Rd2 Qe4 29. Rh4 Qb1+ 0-1


[Site "https://www.chess.com"]

[Event "Titled Tuesday Blitz February 28 Late 2023"]
[White "Sailer, Mike"]
[Black "Liu, Eric"]
[WhiteFideId "2012901"]
[BlackFideId "30960240"]
[WhiteElo "2109"]
[BlackElo "2094"]
[Result "0-1"]
[Round "08"]
[TimeControl "180+2"]
[Date "2023.02.28"]
[WhiteClock "0:00:02"]
[BlackClock "0:00:04"]

1. d4 b6 2. e4 g6 3. c4 Bg7 4. Nc3 Bb7 5. Be3 h6 6. Qd2 e6 7. f3 d6 8. Bd3 Ne7 9. Nge2 Nd7 10. a3 a6 11. b4 e5 12. d5 f5 13. exf5 gxf5 14. O-O f4 15. Bf2 O-O 16. Ne4 Nf5 17. Rac1 Kh8 18. N2c3 Qe8 19. c5 bxc5 20. bxc5 Nf6 21. Nxf6 Rxf6 22. cxd6 cxd6 23. Bxf5 Rxf5 24. Ne4 Qe7 25. Rfd1 a5 26. Bb6 Rc8 27. Rxc8+ Bxc8 28. Qxa5 Rh5 29. Qa8 Qb7 30. Qxb7 Bxb7 31. Nxd6 Ba6 32. Ne8 Bb5 33. Nxg7 Kxg7 34. d6 Bd7 35. Rc1 Kf7 36. Rc7 Ke6 37. Bc5 Rg5 38. a4 Bxa4 39. Re7+ Kd5 40. Bb4 Rg8 41. d7 Rd8 42. Bc3 Rxd7 43. Rxe5+ Kc4 44. Re4+ Kb3 45. Be5 Rd1+ 46. Kf2 Rd2+ 47. Re2 Rd5 48. Bxf4 Ra5 49. Re3+ Kc2 50. Re2+ Kd3 51. Rd2+ Kc4 52. Be3 Bc6 53. g3 Rf5 54. f4 Kc3 55. Re2 Rf7 56. Bd2+ Kd3 57. Be1 Bb5 58. Re3+ Kd4 59. Bc3+ Kd5 60. Re5+ Kc4 61. Bd2 Bc6 62. Be3 Kd3 63. Rc5 Be4 64. Rc8 Rb7 65. Rd8+ Kc3 66. Rd2 h5 67. h3 Rh7 68. Ra2 Bf5 69. Ra3+ Kb4 70. Ra1 Bxh3 71. Rb1+ Kc3 72. Rc1+ Kd3 73. Rc5 Bg4 74. Rd5+ Ke4 0-1


[Site "https://www.chess.com"]

[Event "Titled Tuesday Blitz February 28 Late 2023"]
[White "Leonte, Sebastian-Marian"]
[Black "Poeta, Caio Medeiros"]
[WhiteFideId "1268767"]
[BlackFideId "2142660"]
[WhiteElo "2258"]
[BlackElo "2191"]
[Result "1-0"]
[Round "08"]
[TimeControl "180+2"]
[Date "2023.02.28"]
[WhiteClock "0:00:17"]
[BlackClock "0:00:03"]

1. e4 c6 2. d4 d5 3. e5 c5 4. dxc5 Nc6 5. Bb5 e6 6. Be3 Ne7 7. f4 Bd7 8. c4 dxc4 9. Nc3 Nf5 10. Bf2 Qc7 11. Nf3 a6 12. Bxc4 Na5 13. Bd3 Bxc5 14. O-O O-O 15. Rc1 Bxf2+ 16. Rxf2 Bc6 17. Ng5 Rad8 18. Qc2 h6 19. Nge4 Ne3 20. Qe2 Nf5 21. b4 Nd4 22. Qg4 Bxe4 23. Bxe4 Nac6 24. a3 Qe7 25. Rff1 f5 26. exf6 Qxf6 27. Bxc6 Nxc6 28. Kh1 Rd2 29. Ne4 Qf5 30. Qxf5 exf5 31. Nxd2 Rd8 32. Nf3 Rd3 33. Rfd1 Rxa3 34. Rd7 Nxb4 35. Rxb7 Nd3 36. Rf1 1-0


[Site "https://www.chess.com"]

[Event "Titled Tuesday Blitz February 28 Late 2023"]
[White "Mikhalsky, Vladimir"]
[Black "Einarsson, Halldor Gretar"]
[WhiteFideId "14144352"]
[BlackFideId "2300150"]
[WhiteElo "2272"]
[BlackElo "2126"]
[Result "1-0"]
[Round "08"]
[TimeControl "180+2"]
[Date "2023.02.28"]
[WhiteClock "0:01:01"]
[BlackClock "0:00:01"]

1. d4 Nf6 2. c4 g6 3. f3 d5 4. cxd5 Nxd5 5. e4 Nb6 6. Nc3 Bg7 7. Be3 O-O 8. Qd2 e5 9. d5 c6 10. h4 cxd5 11. exd5 N8d7 12. h5 Nf6 13. O-O-O Bd7 14. g4 Rc8 15. Kb1 Na4 16. Nge2 Qa5 17. hxg6 fxg6 18. Nxa4 Qxa4 19. Nc3 Qb4 20. a3 Qb3 21. Bd3 Nxd5 22. Nxd5 Qxd5 23. Bxg6 Qxd2 24. Bxh7+ Kf7 25. Rxd2 Bc6 26. Be4 Rh8 27. Rxh8 Rxh8 28. Bxc6 bxc6 29. Rd7+ Kg6 30. Rd6+ Kf7 31. Rxc6 Rh3 32. Rc7+ Kg6 33. Bxa7 Rxf3 34. Rc4 Rg3 35. Bf2 Rg2 36. Be1 Re2 37. Bc3 Kg5 38. a4 Bf6 39. a5 e4 40. Bxf6+ Kxf6 41. a6 1-0


[Site "https://www.chess.com"]

[Event "Titled Tuesday Blitz February 28 Late 2023"]
[White "De Souza, Cristiano Gomes"]
[Black "Rangel, Daniel"]
[WhiteFideId "2151758"]
[BlackFideId "2124475"]
[WhiteElo "2068"]
[BlackElo "2256"]
[Result "0-1"]
[Round "08"]
[TimeControl "180+2"]
[Date "2023.02.28"]
[WhiteClock "0:00:12"]
[BlackClock "0:00:23"]

1. d4 d5 2. c4 c6 3. Nf3 Nf6 4. Nc3 e6 5. Bg5 Nbd7 6. e3 h6 7. Bh4 g5 8. Bg3 Nh5 9. Rc1 Nxg3 10. hxg3 Bg7 11. Be2 a6 12. a3 b5 13. cxd5 cxd5 14. Nd2 Bb7 15. Nb3 O-O 16. Na2 Qe7 17. Nc5 Nxc5 18. Rxc5 Rfc8 19. b4 Qd8 20. Qc2 Bf8 21. Rxc8 Rxc8 22. Qb2 Qc7 23. Kd2 Qb6 24. Rc1 Rxc1 25. Nxc1 a5 26. Nd3 axb4 27. axb4 Bg7 28. Nc5 Bc8 29. Qa3 Bb7 30. Qa5 Qxa5 31. bxa5 Bc6 32. Kc3 e5 33. Kb4 exd4 34. exd4 Bxd4 35. f3 Bf2 36. g4 Be1+ 37. Kb3 Bxa5 38. Bd3 Kg7 39. Bf5 Kf6 40. Nd3 d4 41. Be4 Bd7 42. Nc5 Be6+ 43. Nxe6 fxe6 44. Bd3 b4 45. Ka4 Bc7 46. Kxb4 Ke5 47. Kc4 Bb6 48. g3 Ba5 49. Be4 Be1 50. Kd3 Bxg3 51. Bg6 Bf2 52. Be4 Be3 53. Ba8 Kf4 54. Be4 e5 55. Bd5 Kg3 56. Be4 Bf4 57. Bd5 Kf2 58. Be4 Ke1 59. Bd5 Kd1 60. Be4 Kc1 61. Bd5 Kb2 62. Be4 Ka3 63. Bf5 Kb4 64. Be4 Kc5 65. Bf5 Kd6 66. Be4 Ke7 67. Bf5 Kf6 68. Be4 Kf7 69. Bf5 Ke7 70. Be4 Kf6 71. Bf5 h5 72. Be4 h4 73. Ke2 h3 74. Kf2 h2 75. Kg2 Ke7 76. Bd3 Kd6 77. Kh1 Kc5 78. Kg2 Kb4 79. Be4 Kc3 80. Kh1 d3 81. Bxd3 Kxd3 82. Kg2 Ke3 0-1


[Site "https://www.chess.com"]

[Event "Titled Tuesday Blitz February 28 Late 2023"]
[White "Simonovic, Miroslav"]
[Black "Davidson, Kevin"]
[WhiteFideId "919152"]
[BlackFideId "2056810"]
[WhiteElo "2057"]
[BlackElo "2151"]
[Result "1-0"]
[Round "08"]
[TimeControl "180+2"]
[Date "2023.02.28"]
[WhiteClock "0:00:05"]
[BlackClock "0:00:01"]

1. d4 Nf6 2. Bg5 Ne4 3. Bf4 g5 4. Bg3 Bg7 5. e3 d6 6. Nd2 Nxg3 7. hxg3 c5 8. c3 Nc6 9. Bd3 h6 10. Ngf3 cxd4 11. exd4 d5 12. Qe2 Qb6 13. O-O-O Be6 14. Nb3 O-O-O 15. Nc5 Bg4 16. Qe3 e5 17. Nb3 e4 18. Bxe4 dxe4 19. Qxe4 Bxf3 20. Qxf3 Qc7 21. Rhe1 Kb8 22. Kb1 Rhe8 23. Nc5 Bf8 24. Ne4 Qd7 25. Nf6 Qc8 26. Nxe8 Rxe8 27. Qxf7 Rd8 28. d5 Na5 29. Qe6 Nc4 30. Rd4 Nd6 31. c4 b6 32. b4 Bg7 33. Qxc8+ Rxc8 34. Rd3 Rxc4 35. a3 Kb7 36. Re6 Nc8 37. Rg6 Bf8 38. Rg8 Bd6 39. Rg6 h5 40. Rxg5 h4 41. gxh4 Rxh4 42. Rg7+ Ka6 43. Rc3 Ne7 44. Re3 Nxd5 45. Rd3 1-0


[Site "https://www.chess.com"]

[Event "Titled Tuesday Blitz February 28 Late 2023"]
[White "Wang, Alexander J"]
[Black "mohsengabr2002"]
[WhiteFideId "30955270"]
[WhiteElo "2230"]
[BlackElo "2321"]
[Result "0-1"]
[Round "08"]
[TimeControl "180+2"]
[Date "2023.02.28"]
[WhiteClock "0:00:19"]
[BlackClock "0:01:27"]

1. e4 f6 2. d4 g6 3. Nc3 e6 4. Nf3 Nh6 5. h3 Nf7 6. Be3 Bg7 7. Bc4 O-O 8. h4 d6 9. Qd2 c6 10. a4 a5 11. Ne2 d5 12. exd5 cxd5 13. Bb5 Nc6 14. h5 g5 15. Ng3 h6 16. Ne2 Ne7 17. g4 f5 18. gxf5 exf5 19. Qd1 f4 20. Bd2 Bf5 21. Rg1 Nc6 22. c3 Re8 23. Qb3 Qe7 24. O-O-O Qe4 25. Be1 Qxf3 26. Rd2 Re7 27. Qd1 Rae8 28. b3 Nd6 29. Bxc6 bxc6 30. Kb2 Rxe2 31. Rxe2 Rxe2+ 32. Ka3 Bf8 33. b4 Nc4+ 34. Kb3 Rb2# 0-1


[Site "https://www.chess.com"]

[Event "Titled Tuesday Blitz February 28 Late 2023"]
[White "Osmonbekov, Talaibek"]
[Black "Floresvillar Gonzalez, Luis Migu"]
[WhiteFideId "2017253"]
[BlackFideId "5100542"]
[WhiteElo "2135"]
[BlackElo "2040"]
[Result "0-1"]
[Round "08"]
[TimeControl "180+2"]
[Date "2023.02.28"]
[WhiteClock "0:00:08"]
[BlackClock "0:00:11"]

1. d4 d5 2. Bf4 Bf5 3. Nc3 c6 4. e3 e6 5. f3 Bd6 6. g4 Bg6 7. h4 h5 8. g5 Ne7 9. Bd3 Bxd3 10. Qxd3 g6 11. Nge2 Nf5 12. O-O-O Na6 13. a3 Nc7 14. e4 Bxf4+ 15. Nxf4 Ne7 16. Kb1 Qd6 17. Qd2 O-O-O 18. Rhe1 Rhe8 19. Ka2 Kb8 20. Na4 Nb5 21. c3 Qc7 22. Nc5 Nc8 23. a4 Nbd6 24. b3 Ka8 25. Re2 b6 26. Na6 Qb7 27. Nb4 a5 28. Nbd3 Ne7 29. Rde1 Rd7 30. Ne5 Rdd8 31. Qd3 Rf8 32. Rb1 Rc8 33. b4 axb4 34. Rxb4 c5 35. dxc5 Nc4 36. cxb6 Nxe5 37. Qb5 Nxf3 0-1


[Site "https://www.chess.com"]

[Event "Titled Tuesday Blitz February 28 Late 2023"]
[White "Quirke, Jeffrey"]
[Black "Melikhov, Evgeny V."]
[WhiteFideId "2013029"]
[BlackFideId "4122046"]
[WhiteElo "2206"]
[BlackElo "2158"]
[Result "0-1"]
[Round "08"]
[TimeControl "180+2"]
[Date "2023.02.28"]
[WhiteClock "0:00:26"]
[BlackClock "0:00:59"]

1. e4 c5 2. Nc3 Nc6 3. f4 g6 4. Nf3 Bg7 5. a4 e6 6. e5 d5 7. d4 Nge7 8. Nb5 O-O 9. dxc5 Nf5 10. Bd3 a6 11. Nd6 Qa5+ 12. Bd2 Qxc5 13. Nxf5 exf5 14. Qe2 Be6 15. c3 d4 16. cxd4 Nxd4 17. Nxd4 Qxd4 18. Be3 Qb4+ 19. Kf2 Rfd8 20. Rhc1 Rd7 21. Rc3 Rad8 22. a5 Rxd3 23. Rxd3 Rxd3 24. Qxd3 Qxb2+ 25. Kg3 Qxa1 26. Qd8+ Bf8 27. Bc5 Qc3+ 0-1


[Site "https://www.chess.com"]

[Event "Titled Tuesday Blitz February 28 Late 2023"]
[White "Romero Ruscalleda, Josep"]
[Black "Fernandez Hernandez, Gerardo"]
[WhiteFideId "2231859"]
[BlackFideId "2207400"]
[WhiteElo "2183"]
[BlackElo "2203"]
[Result "1-0"]
[Round "08"]
[TimeControl "180+2"]
[Date "2023.02.28"]
[WhiteClock "0:00:48"]
[BlackClock "0:00:02"]

1. e4 e6 2. d4 d5 3. e5 c5 4. c3 Nc6 5. Be3 cxd4 6. cxd4 Qb6 7. Qd2 Nge7 8. Nc3 Nf5 9. Nf3 Bd7 10. Be2 Be7 11. O-O Rc8 12. Rac1 Na5 13. Bg5 Nc4 14. Bxc4 Rxc4 15. Rfd1 O-O 16. Ne2 Rfc8 17. Rc3 Bb4 18. g4 Ne7 19. Bxe7 Bxe7 20. Rxc4 Rxc4 21. b3 Rc8 22. Ng3 Qb4 23. Qf4 Rc2 24. Ng5 Be8 25. Nh5 Qc3 26. Nf6+ gxf6 27. exf6 Bf8 28. Qb8 1-0


[Site "https://www.chess.com"]

[Event "Titled Tuesday Blitz February 28 Late 2023"]
[White "Gamage, Wanshini Vidusama"]
[Black "Jenkins, Drake"]
[WhiteFideId "9953752"]
[BlackFideId "2022397"]
[WhiteElo "2201"]
[BlackElo "2298"]
[Result "0-1"]
[Round "08"]
[TimeControl "180+2"]
[Date "2023.02.28"]
[WhiteClock "0:00:16"]
[BlackClock "0:00:34"]

1. e4 c5 2. Nf3 g6 3. c3 d5 4. exd5 Qxd5 5. d4 Nf6 6. Na3 a6 7. Bc4 Qe4+ 8. Be3 e6 9. dxc5 Bxc5 10. O-O Bxe3 11. fxe3 Qxe3+ 12. Kh1 O-O 13. Nc2 Qc5 14. Bb3 Nc6 15. Ncd4 Bd7 16. Qd2 Nxd4 17. cxd4 Qh5 18. Ne5 Ng4 19. Nf3 Bc6 20. h3 Nh6 21. Rae1 Rad8 22. Qf4 Nf5 23. Kg1 Bxf3 24. Rxf3 Nxd4 25. Rf2 Nxb3 0-1


[Site "https://www.chess.com"]

[Event "Titled Tuesday Blitz February 28 Late 2023"]
[White "olga-belka"]
[Black "Prieto Aranguren, Alain"]
[BlackFideId "2268906"]
[WhiteElo "2200"]
[BlackElo "2209"]
[Result "1-0"]
[Round "08"]
[TimeControl "180+2"]
[Date "2023.02.28"]
[WhiteClock "0:00:25"]
[BlackClock "0:00:02"]

1. e4 c6 2. d4 d5 3. exd5 cxd5 4. Bd3 Nc6 5. c3 Qc7 6. h3 g6 7. Nf3 Bf5 8. Be2 Nf6 9. O-O Bg7 10. Be3 O-O 11. Nbd2 Rac8 12. Re1 Ne4 13. Nxe4 dxe4 14. Nd2 e5 15. d5 Ne7 16. c4 Rfd8 17. g4 Bd7 18. Nxe4 f5 19. d6 Qc6 20. dxe7 Re8 21. Nd6 f4 22. Bxa7 e4 23. Nxc8 f3 24. Bf1 Qxc8 25. Rxe4 Bc6 26. Re1 h5 27. gxh5 Qf5 28. Qd6 Qg5+ 29. Qg3 Qxh5 30. Qg4 Qa5 31. Bd4 Bxd4 32. Qxd4 Kh7 33. Rad1 b6 34. Re5 Qb4 35. Qh4+ Kg7 36. Rd8 Qxb2 37. Rxe8 Bxe8 38. Re4 Qxa2 39. Qf4 Bf7 40. e8=Q Bxe8 41. Rxe8 Qa3 42. Qe5+ Kh6 43. Rh8# 1-0


[Site "https://www.chess.com"]

[Event "Titled Tuesday Blitz February 28 Late 2023"]
[White "Kaufman, Raymond"]
[Black "Cueto, Jonny"]
[WhiteFideId "2015056"]
[BlackFideId "3300145"]
[WhiteElo "2321"]
[BlackElo "2212"]
[Result "1-0"]
[Round "08"]
[TimeControl "180+2"]
[Date "2023.02.28"]
[WhiteClock "0:00:49"]
[BlackClock "0:00:10"]

1. c4 e6 2. g3 Nf6 3. Bg2 Be7 4. e4 c5 5. e5 Ng8 6. d4 cxd4 7. Qxd4 Nc6 8. Bxc6 dxc6 9. Qxd8+ Kxd8 10. Nc3 Bb4 11. Bd2 Ne7 12. Ne4 a5 13. O-O-O Kc7 14. Nf3 h6 15. a3 Bxd2+ 16. Rxd2 b6 17. Rhd1 b5 18. Nd6 Rf8 19. cxb5 cxb5 20. Nxb5+ Kb6 21. Rd6+ Kxb5 22. Nd4+ Kc5 23. Nb3+ Kb5 24. a4+ Kxa4 25. Rb6 Nd5 26. Nc5# 1-0


[Site "https://www.chess.com"]

[Event "Titled Tuesday Blitz February 28 Late 2023"]
[White "Comas Fabrego, Lluis"]
[Black "Lalanne, Pablo"]
[WhiteFideId "2200325"]
[BlackFideId "112151"]
[WhiteElo "2523"]
[BlackElo "2120"]
[Result "1-0"]
[Round "08"]
[TimeControl "180+2"]
[Date "2023.02.28"]
[WhiteClock "0:00:06"]
[BlackClock "0:00:01"]

1. Nf3 c5 2. c4 Nf6 3. Nc3 e6 4. d4 d5 5. cxd5 Nxd5 6. e4 Nxc3 7. bxc3 cxd4 8. cxd4 Bb4+ 9. Bd2 Bxd2+ 10. Qxd2 O-O 11. Bc4 Nd7 12. O-O b6 13. Rad1 Bb7 14. a4 Bxe4 15. Ng5 Bb7 16. d5 Ne5 17. Bb3 Bxd5 18. Qf4 Ng6 19. Qg3 h6 20. Ne4 Bxe4 21. Rxd8 Raxd8 22. Qc7 Bd5 23. Bxd5 Rxd5 24. Qxa7 b5 25. a5 Rfd8 26. g3 Ne5 27. Rc1 Nc4 28. a6 R5d7 29. Qc5 Nd6 30. Rd1 Kh7 31. a7 g6 32. Rxd6 Rxd6 33. Qxd6 Rxd6 34. a8=Q Rd5 35. Qb7 Kg7 36. f4 h5 37. Kg2 Rf5 38. Kf3 Rd5 39. Ke4 Rf5 40. h3 Rd5 41. Qb6 Rf5 42. g4 hxg4 43. hxg4 Rd5 44. Qc7 b4 45. Qb6 g5 46. fxg5 Rxg5 47. Kf4 1-0


[Site "https://www.chess.com"]

[Event "Titled Tuesday Blitz February 28 Late 2023"]
[White "Escalante Ramirez, Rafael"]
[Black "Marcolino, Daniel Mattos"]
[WhiteFideId "3900177"]
[BlackFideId "2106841"]
[WhiteElo "2276"]
[BlackElo "2120"]
[Result "1-0"]
[Round "08"]
[TimeControl "180+2"]
[Date "2023.02.28"]
[WhiteClock "0:00:11"]
[BlackClock "0:00:12"]

1. Nf3 Nf6 2. d4 d5 3. c4 e6 4. Nc3 a6 5. cxd5 exd5 6. Bg5 c6 7. e3 Be6 8. Bd3 Bd6 9. Qc2 Nbd7 10. O-O Qc7 11. Bh4 O-O 12. Rae1 Rfe8 13. Bg3 Bg4 14. Bxd6 Qxd6 15. Nd2 Bh5 16. f4 Ng4 17. Nd1 Bg6 18. h3 Bxd3 19. Qxd3 Ngf6 20. Nf2 c5 21. Nf3 c4 22. Qc2 b5 23. a3 a5 24. Ne5 b4 25. axb4 axb4 26. Ra1 Qb6 27. Kh1 Qb7 28. Qf5 Rxa1 29. Rxa1 Nxe5 30. fxe5 Ne4 31. Nxe4 dxe4 32. Qf2 c3 33. bxc3 bxc3 34. Qc2 Qb2 35. Rc1 Rc8 36. Qxb2 1-0


[Site "https://www.chess.com"]

[Event "Titled Tuesday Blitz February 28 Late 2023"]
[White "Sanchez, Robert"]
[Black "Bongo Akanga Ndjila, Barthelemy"]
[WhiteFideId "2034360"]
[BlackFideId "10609431"]
[WhiteElo "2411"]
[BlackElo "1768"]
[Result "0-1"]
[Round "08"]
[TimeControl "180+2"]
[Date "2023.02.28"]
[WhiteClock "0:00:52"]
[BlackClock "0:01:22"]

1. e4 e6 2. d4 d5 3. Nc3 Nf6 4. Bg5 Be7 5. e5 Nfd7 6. h4 Bxg5 7. hxg5 Qxg5 8. Nf3 Qe7 9. Bd3 a6 10. Ne2 g6 11. Qd2 c5 12. c3 Nc6 13. O-O-O b5 14. Kb1 Bb7 15. Ng5 h5 16. g4 O-O-O 17. f4 hxg4 18. Rhg1 cxd4 19. Nxd4 Nxd4 20. cxd4 Kb8 21. Rxg4 Nb6 22. Rgg1 Nc4 23. Qe1 Rh2 24. Bxc4 dxc4 25. Qa5 f6 26. Nf7 Be4+ 27. Ka1 Rd7 28. Nd6 Bb7 29. Rxg6 fxe5 30. fxe5 Qh4 31. Qb6 Qh8 32. a3 Rh1 33. Rxh1 Qxh1+ 34. Ka2 Qh8 35. Rxe6 c3 36. bxc3 Qg8 37. Nxb7 Rxb7 38. Qd6+ Kc8 39. Qd5 0-1


[Site "https://www.chess.com"]

[Event "Titled Tuesday Blitz February 28 Late 2023"]
[White "Lopez Perdomo, Juan David"]
[Black "Skaric, Djuro"]
[WhiteFideId "4405137"]
[BlackFideId "934569"]
[WhiteElo "1965"]
[BlackElo "2282"]
[Result "1-0"]
[Round "08"]
[TimeControl "180+2"]
[Date "2023.02.28"]
[WhiteClock "0:00:51"]
[BlackClock "0:00:49"]

1. e4 d6 2. d4 g6 3. f3 Bg7 4. c3 Nf6 5. Be3 Nc6 6. Bd3 O-O 7. Ne2 e5 8. O-O Nh5 9. g4 Nf6 10. Ng3 Nd7 11. f4 exd4 12. Bf2 Nb6 13. f5 dxc3 14. Nxc3 Ne5 15. Qd2 Qh4 16. Be2 Nxg4 17. Bxg4 Qxg4 18. Bxb6 axb6 19. f6 Bh8 20. Rf4 Qd7 21. Nd5 Re8 22. Nf5 Kf8 23. Rh4 Rxe4 24. Qh6+ Ke8 25. Rxe4+ Qe6 26. Nxc7+ Kd7 27. Nxe6 fxe6 28. Qxh7+ Kc6 29. Rc1+ Kb5 30. Nxd6+ Ka6 31. Ra4# 1-0


[Site "https://www.chess.com"]